 Dungeon Crawl Stone Soup version 0.23-a0-163-g800ba1ec23 (webtiles) character file.

1409 Ablot the Charmwright (level 8, -12/64 HPs)
             Began as a Gnoll Skald on Sept 9, 2018.
             Was an Initiate of Okawaru.
             Mangled by a two-headed ogre
             ... wielding a +0 giant club
              (22 damage)
             ... on level 6 of the Dungeon.
             The game lasted 00:14:12 (4971 turns).

Ablot the Charmwright (Gnoll Skald)                 Turns: 4971, Time: 00:14:13

Health: -12/64     AC:  9    Str: 20    XL:     8   Next: 70%
Magic:  3/17       EV: 15    Int: 16    God:    Okawaru [......]
Gold:   128        SH:  0    Dex: 15    Spells: 8/19 levels left

rFire    . . .     SeeInvis .   a - +0 trident
rCold    . . .     Gourm    .   (no shield)
rNeg     . . .     Faith    .   b - +0 leather armour
rPois    .         Spirit   .   n - +0 helmet
rElec    .         Reflect  .   (no cloak)
rCorr    .         Harm     .   c - +0 pair of gloves
MR       +....                  m - +2 pair of boots
Stlth    ++........             (no amulet)
HPRegen  0.20/turn              B - ring of protection from magic
MPRegen  0.15/turn              (no ring)

@: mighty, infused
A: distributed training, fangs 1, strong nose
a: Renounce Religion


You were on level 6 of the Dungeon.
You worshipped Okawaru.
Okawaru was noncommittal.
You were not hungry.

You visited 2 branches of the dungeon, and saw 7 of its levels.

You collected 232 gold pieces.
You spent 104 gold pieces at shops.

Inventory:

Hand Weapons
 a - a +0 trident (weapon)
 q - a +0 hunting sling
Missiles
 h - 152 stones
 l - 17 arrows
 p - 107 sling bullets
 u - 2 throwing nets
 v - 6 javelins (quivered)
 y - 5 curare-tipped needles
 z - 53 bolts
Armour
 b - a +0 leather armour (worn)
 c - a +0 pair of gloves (worn)
 m - a +2 pair of boots (worn)
 n - a +0 helmet (worn)
Jewellery
 B - a ring of protection from magic (left hand)
Wands
 D - a wand of flame (12)
 I - a wand of disintegration (9)
Scrolls
 e - a scroll of enchant weapon {unknown}
 g - 6 scrolls of identify
 j - 5 scrolls of enchant armour {unknown}
 r - 2 scrolls of amnesia {unknown}
 s - 2 scrolls of blinking {unknown}
 t - 5 scrolls of remove curse
 x - 2 scrolls of fog {unknown}
 E - 4 scrolls of teleportation
Potions
 f - 4 potions of curing
 k - 2 potions of brilliance
 o - a potion of mutation
 w - a potion of lignification
 A - a potion of agility
 C - 2 potions of might
 F - a potion of degeneration {unknown}
 G - a potion of magic {unknown}
Comestibles
 d - 12 rations
 i - 8 chunks of flesh


   Skills:
 + Level 5.8 Fighting
 + Level 3.4 Short Blades
 + Level 3.4 Long Blades
 + Level 3.4 Axes
 + Level 3.4 Maces & Flails
 + Level 5.8 Polearms
 + Level 3.4 Staves
 + Level 3.4 Slings
 + Level 3.4 Bows
 + Level 3.4 Crossbows
 + Level 3.4 Throwing
 + Level 4.3 Armour
 + Level 5.8 Dodging
 + Level 3.4 Stealth
 + Level 3.4 Shields
 + Level 3.4 Unarmed Combat
 + Level 6.1 Spellcasting
 + Level 2.8 Conjurations
 + Level 2.8 Hexes
 + Level 6.2 Charms
 + Level 2.8 Summonings
 + Level 2.8 Necromancy
 + Level 2.8 Translocations
 + Level 2.8 Transmutations
 + Level 2.8 Fire Magic
 + Level 2.8 Ice Magic
 + Level 2.8 Air Magic
 + Level 2.8 Earth Magic
 + Level 2.8 Poison Magic
 + Level 3.8 Invocations
 + Level 3.4 Evocations


You had 8 spell levels left.
You knew the following spells:

 Your Spells              Type           Power        Failure   Level  Hunger
a - Infusion              Chrm           ###.         1%          1    None
b - Song of Slaying       Chrm           ###.....     1%          2    #......
c - Shroud of Golubria    Chrm/Tloc      ###.......   3%          2    #......
d - Regeneration          Chrm/Necr      ###.......   8%          3    ##.....
e - Spectral Weapon       Hex/Chrm       ###.....     8%          3    ##.....

Your spell library contained the following spells:

 Spells                   Type           Power        Failure   Level  Hunger


Dungeon Overview and Level Annotations

Branches:
Dungeon (6/15)             Temple (1/1) D:6

Altars:
Ashenzari
Cheibriados
Dithmenos
Elyvilon
Fedhas
Gozag
Hepliaklqana
Kikubaaqudgha
Makhleb
Nemelex Xobeh
Okawaru
Qazlal
Ru
Sif Muna
Trog
Uskayaw
Vehumet
Wu Jian
Yredelemnul
Zin
The Shining One

Shops:
D:4 ?

Annotations:
D:1 water


Innate Abilities, Weirdness & Mutations

Your experience applies equally to all skills.
You have very sharp teeth.
Your uncanny sense of smell can sniff out nearby items.


Message History

The two-headed ogre misses you.
The two-headed ogre completely misses you.
You completely miss the two-headed ogre.
The two-headed ogre is moderately wounded.
Your spectral weapon barely misses the two-headed ogre.
You barely miss the two-headed ogre.
The two-headed ogre is moderately wounded.
Your spectral weapon hits the two-headed ogre from afar!
The two-headed ogre hits you with a giant club!
* * * LOW HITPOINT WARNING * * *
The two-headed ogre misses you.
You barely miss the two-headed ogre.
The two-headed ogre is heavily wounded.
Your spectral weapon hits the two-headed ogre from afar.
The two-headed ogre misses you. x2
You puncture the two-headed ogre!
The two-headed ogre is severely wounded.
Your spectral weapon hits the two-headed ogre from afar!
The two-headed ogre hits you with a giant club!!
You die...

#.#.###8.# #.# #.#.#
#>.#####.# #.#.#
#8.......#
#...#########..#######
#................... ∆
#.##########<....... #.#
#.#####.# ... #.# #(# ..
#.# #.# #@# ... ##.# #.#
#O####... ##... #.#
#...)............. #.#
####............##...
#.#
#....$....>........†.
#.#######.##............
#.#
#.........##......###..#
#.. #..#########(##.###
#..# ### #..# #.##.#
#..######


You could see a two-headed ogre and a friendly spectral trident.

Vanquished Creatures
  An orc warrior (D:5)
  An ice beast (D:4)
  A sky beast (D:6)
  2 ogres
  A bullfrog (D:6)
  2 scorpions
  A howler monkey (D:4)
  A crimson imp (D:5)
  A hound (D:5)
  A centaur skeleton (D:6)
  A jelly (D:5)
  7 orc priests
  2 orc wizards
  3 iguanas
  2 worker ants
  Natasha (thrice) (D:3)
  9 adders
  A shadow imp (D:5)
  An adder skeleton (D:4)
  An adder zombie (D:1)
  4 worms
  A dart slug (D:1)
  2 leopard geckos (D:3)
  19 orcs
  A bat zombie (D:1)
  3 giant cockroaches
  7 goblins
  5 hobgoblins
  3 quokkas
  4 bats
  3 frilled lizards
  7 kobolds
  6 rats
107 creatures vanquished.

Vanquished Creatures (others)
  A spectral weapon (D:6)
1 creature vanquished.

Grand Total: 108 creatures vanquished

Notes
Turn   | Place    | Note
-------+----------+-------------------------------------------
     0 | D:1      | Ablot the Gnoll Skald began the quest for the Orb.
     0 | D:1      | Reached XP level 1. HP: 20/20 MP: 6/6
   195 | D:1      | Reached XP level 2. HP: 26/26 MP: 7/7
   667 | D:2      | Reached XP level 3. HP: 31/31 MP: 5/9
   671 | D:2      | Learned a level 2 spell: Song of Slaying
   674 | D:2      | Learned a level 2 spell: Shroud of Golubria
   678 | D:2      | Learned a level 3 spell: Regeneration
   682 | D:2      | Learned a level 3 spell: Spectral Weapon
   691 | D:2      | Reached skill level 5 in Spellcasting
   765 | D:2      | Reached skill level 1 in Invocations
   840 | D:2      | Reached skill level 1 in Short Blades
   840 | D:2      | Reached skill level 1 in Long Blades
   840 | D:2      | Reached skill level 1 in Axes
   840 | D:2      | Reached skill level 1 in Maces & Flails
   840 | D:2      | Reached skill level 1 in Staves
   840 | D:2      | Reached skill level 1 in Slings
   840 | D:2      | Reached skill level 1 in Bows
   840 | D:2      | Reached skill level 1 in Crossbows
   840 | D:2      | Reached skill level 1 in Throwing
   840 | D:2      | Reached skill level 1 in Stealth
   840 | D:2      | Reached skill level 1 in Shields
   840 | D:2      | Reached skill level 1 in Unarmed Combat
   840 | D:2      | Reached skill level 1 in Evocations
   988 | D:2      | Reached XP level 4. HP: 34/38 MP: 11/11
  1550 | D:3      | Reached skill level 1 in Conjurations
  1550 | D:3      | Reached skill level 1 in Hexes
  1550 | D:3      | Reached skill level 1 in Summonings
  1550 | D:3      | Reached skill level 1 in Necromancy
  1550 | D:3      | Reached skill level 1 in Translocations
  1550 | D:3      | Reached skill level 1 in Transmutations
  1550 | D:3      | Reached skill level 1 in Fire Magic
  1550 | D:3      | Reached skill level 1 in Ice Magic
  1550 | D:3      | Reached skill level 1 in Air Magic
  1550 | D:3      | Reached skill level 1 in Earth Magic
  1550 | D:3      | Reached skill level 1 in Poison Magic
  1582 | D:3      | Reached XP level 5. HP: 29/43 MP: 1/12
  2137 | D:3      | Noticed Natasha
  2145 | D:3      | Killed Natasha
  2175 | D:3      | Noticed Natasha
  2186 | D:3      | Killed Natasha
  2186 | D:3      | Reached XP level 6. HP: 36/50 MP: 5/13
  2304 | D:3      | Noticed Natasha
  2309 | D:3      | Killed Natasha
  2397 | D:4      | Reached skill level 5 in Fighting
  2397 | D:4      | Reached skill level 5 in Polearms
  2397 | D:4      | Reached skill level 5 in Dodging
  2410 | D:4      | Noticed an ice beast
  2430 | D:4      | Found Godamouh's Magic Scroll Boutique.
  2435 | D:4      | Bought a scroll of remove curse for 39 gold pieces
  2435 | D:4      | Bought a scroll of identify for 26 gold pieces
  2435 | D:4      | Bought a scroll of teleportation for 39 gold pieces
  2943 | D:4      | Reached XP level 7. HP: 27/56 MP: 9/15
  3447 | D:5      | Entered Level 5 of the Dungeon
  3702 | D:5      | Found a sacrificial altar of Ru.
  3912 | D:5      | Reached XP level 8. HP: 24/63 MP: 9/16
  3978 | D:5      | Found a deep blue altar of Sif Muna.
  4392 | D:6      | Found a staircase to the Ecumenical Temple.
  4399 | D:6      | Noticed a two-headed ogre
  4412 | Temple   | Entered the Ecumenical Temple
  4533 | Temple   | Became a worshipper of Warmaster Okawaru
  4971 | D:6      | Mangled by a two-headed ogre

Vault maps used:
D:1:      saegor_arrival_fortress
D:2:      serial_forest, infiniplex_forest_lined_2,
          infiniplex_forest_lined_room_2, infiniplex_forest_clump_curved,
          infiniplex_forest_straight_2, infiniplex_forest_straight_4,
          kennysheep_generic_room_8
D:3:      grunt_ministairs_15, uniq_natasha
D:4:      serial_shops, kennysheep_little_box
D:5:      lemuel_crystal_altar, first_ration, nicolae_ru_awakened_eye
D:6:      temple_statues
Temple:   regret_index_temple_chain_breaker

Skill      XL: |  1  2  3  4  5  6  7  8 |
---------------+-------------------------+-----
Spellcasting   | 5 6 |  6.1
Invocations    | 1 2 3 |  3.8
Short Blades   | 1 2 3 |  3.4
Long Blades    | 1 2 3 |  3.4
Axes           | 1 2 3 |  3.4
Maces & Flails | 1 2 3 |  3.4
Staves         | 1 2 3 |  3.4
Slings         | 1 2 3 |  3.4
Bows           | 1 2 3 |  3.4
Crossbows      | 1 2 3 |  3.4
Throwing       | 1 2 3 |  3.4
Stealth        | 1 2 3 |  3.4
Shields        | 1 2 3 |  3.4
Unarmed Combat | 1 2 3 |  3.4
Evocations     | 1 2 3 |  3.4
Conjurations   | 1 2 |  2.8
Hexes          | 1 2 |  2.8
Summonings     | 1 2 |  2.8
Necromancy     | 1 2 |  2.8
Translocations | 1 2 |  2.8
Transmutations | 1 2 |  2.8
Fire Magic     | 1 2 |  2.8
Ice Magic      | 1 2 |  2.8
Air Magic      | 1 2 |  2.8
Earth Magic    | 1 2 |  2.8
Poison Magic   | 1 2 |  2.8
Armour         | 3 4 |  4.3
Fighting       | 5 |  5.8
Polearms       | 5 |  5.8
Dodging        | 5 |  5.8
Charms         | 6 |  6.2

Action                   |  1- 3 |  4- 6 |  7- 9 || total
-------------------------+-------+-------+-------++-------
Melee: Spear             |    93 |   213 |   251 ||   557
       Bite              |    11 |    29 |    30 ||    70
       Punch             |       |     1 |     3 ||     4
       Trident           |       |       |    26 ||    26
 Fire: Hunting sling     |       |     4 |     1 ||     5
Throw: Javelin           |       |       |     2 ||     2
 Cast: Infusion          |     1 |     3 |     5 ||     9
       Shroud of Golubri |     1 |    13 |    17 ||    31
       Regeneration      |       |     3 |    15 ||    18
       Spectral Weapon   |       |     7 |     7 ||    14
       Song of Slaying   |       |     5 |     2 ||     7
  Use: Scroll            |       |     7 |       ||     7
       Potion            |       |       |     3 ||     3
 Stab: Sleeping          |     1 |     5 |     7 ||    13
       Distracted        |       |     2 |       ||     2
  Eat: Chunk             |       |     8 |     9 ||    17
Armor: Leather armour    |    23 |    38 |    61 ||   122
Dodge: Dodged            |    40 |   125 |   145 ||   310

Table legend:
 A = Non-vault XP
 B = Vault XP
 C = Vault XP percentage of total XP
 D = Non-vault monster count
 E = Vault monster count
 F = Vault count percentage of total count
                 A         B        C        D         E       F
            +---------+---------+-------+---------+---------+-------
      Total |    1950 |      63 |   3.1 |     100 |       7 |   6.5
            +---------+---------+-------+---------+---------+-------
        D:1 |      13 |       7 |  35.0 |       9 |       2 |  18.2
        D:2 |      73 |       7 |   8.8 |      21 |       2 |   8.7
        D:3 |     229 |      49 |  17.6 |      21 |       3 |  12.5
        D:4 |     549 |       0 |   0.0 |      18 |       0 |   0.0
        D:5 |     634 |       0 |   0.0 |      19 |       0 |   0.0
        D:6 |     452 |       0 |   0.0 |      12 |       0 |   0.0
            +---------+---------+-------+---------+---------+-------
